 Dungeon Crawl Stone Soup version 0.24-a0-506-g958ff8eaa0 (webtiles) character file.

Game seed: 12442988019466381645

13144 Ablot the Quickloader (level 12, -2/93 HPs)
             Began as a Gnoll Skald on July 18, 2019.
             Was a High Priest of Okawaru.
             Slain by a warg (3 damage)
             ... on level 10 of the Dungeon.
             The game lasted 00:32:52 (8635 turns).

Ablot the Quickloader (Gnoll Skald)                 Turns: 8635, Time: 00:32:54

Health: -2/93      AC: 16    Str: 22    XL:     12   Next: 2%
Magic:  3/24       EV: 18    Int: 16    God:    Okawaru [*****.]
Gold:   332        SH:  3    Dex: 16    Spells: 3/28 levels left

rFire    + . .     SeeInvis +   W - +4 quarterstaff (distort)
rCold    . . .     Gourm    .   (shield currently unavailable)
rNeg     + . .     Faith    .   H - +2 robe {rN+}
rPois    +         Spirit   .   S - +2 hat {SInv}
rElec    .         Reflect  +   l - +0 cloak
rCorr    .         Harm     .   (no gloves)
MR       .....                  Y - +0 pair of boots
Stlth    +++.......             y - +3 amulet of reflection
HPRegen  0.25/turn              j - ring of poison resistance
MPRegen  0.19/turn              k - ring of protection from fire

@: mighty, icy armour, very slightly contaminated, studying Crossbows
A: distributed training, fangs 1, strong nose
a: Heroism, Finesse, Renounce Religion


You were on level 10 of the Dungeon.
You worshipped Okawaru.
Okawaru was extremely pleased with you.
You were not hungry.

You visited 2 branches of the dungeon, and saw 11 of its levels.

You collected 588 gold pieces.
You spent 256 gold pieces at shops.

Inventory:

Hand Weapons
 W - a +4 quarterstaff of distortion (weapon)
 Z - a +0 trident of freezing
Missiles
 e - 255 stones
 n - 44 sling bullets
 o - 3 atropa-tipped darts
 p - 227 arrows
 q - 49 poisoned darts (quivered)
 F - 3 throwing nets
 M - 3 curare-tipped darts
 O - 5 boomerangs of dispersal
 P - 7 datura-tipped darts
 Q - 38 bolts
 T - 3 silver javelins
Armour
 l - a +0 cloak (worn)
 H - a +2 robe of positive energy (worn)
 S - a +2 hat of see invisible (worn)
 Y - a +0 pair of boots (worn)
Jewellery
 j - a ring of poison resistance (left hand)
 k - a ring of protection from fire (right hand)
 y - a +3 amulet of reflection (around neck)
 L - an uncursed ring of resist corrosion
Wands
 u - a wand of polymorph (11)
 A - a wand of acid (18)
 E - a wand of digging (7)
 V - a wand of disintegration (26)
Scrolls
 f - a scroll of fog {unknown}
 g - 2 scrolls of fear {unknown}
 i - 7 scrolls of remove curse
 m - a scroll of enchant armour {unknown}
 r - a scroll of enchant weapon {unknown}
 s - 2 scrolls of blinking {unknown}
 w - 3 scrolls of amnesia {unknown}
 C - a scroll of noise {unknown}
 I - a scroll of torment {unknown}
 N - 3 scrolls of teleportation {unknown}
 X - a scroll of immolation {unknown}
Potions
 b - a potion of invisibility
 t - 2 potions of might
 v - 2 potions of cancellation
 x - a potion of agility
 z - a potion of resistance
 D - 3 potions of curing
 G - a potion of lignification
 R - a potion of haste {unknown}
 U - 2 potions of brilliance {unknown}
Books
 a - a manual of Crossbows
Comestibles
 c - 8 chunks of flesh
 d - 14 rations


   Skills:
 + Level 8.2 Fighting
 + Level 6.7 Short Blades
 + Level 6.7 Long Blades
 + Level 6.7 Axes
 + Level 6.7 Maces & Flails
 + Level 8.2 Polearms
 + Level 6.7 Staves
 + Level 6.7 Slings
 + Level 6.7 Bows
 + Level 9.1 Crossbows
 + Level 6.7 Throwing
 + Level 7.3 Armour
 + Level 8.2 Dodging
 + Level 6.7 Stealth
 + Level 6.7 Shields
 + Level 6.7 Unarmed Combat
 + Level 8.5 Spellcasting
 + Level 5.6 Conjurations
 + Level 5.6 Hexes
 + Level 7.9 Charms
 + Level 5.6 Summonings
 + Level 5.6 Necromancy
 + Level 5.6 Translocations
 + Level 5.6 Transmutations
 + Level 5.6 Fire Magic
 + Level 5.6 Ice Magic
 + Level 5.6 Air Magic
 + Level 5.6 Earth Magic
 + Level 5.6 Poison Magic
 + Level 7.4 Invocations
 + Level 6.7 Evocations


You had 3 spell levels left.
You knew the following spells:

 Your Spells              Type           Power        Failure   Level  Hunger
a - Infusion              Chrm           ####         1%          1    None
b - Song of Slaying       Chrm           ####....     1%          2    None
c - Shroud of Golubria    Chrm/Tloc      ####..       1%          2    None
d - Regeneration          Chrm/Necr      ####......   1%          3    #......
e - Spectral Weapon       Hex/Chrm       ####....     1%          3    #......
f - Ozocubu's Armour      Chrm/Ice       ####....     1%          3    #......
g - Blink                 Tloc           N/A          1%          2    None
h - Conjure Flame         Conj/Fire      ###.....     3%          3    #......
i - Mephitic Cloud        Conj/Pois/Air  ###.....     3%          3    #......
j - Vampiric Draining     Necr           ###.......   3%          3    #......

Your spell library contained the following spells:

 Spells                   Type           Power        Failure   Level  Hunger
 Freeze                   Ice            ###.         1%          1    None
 Magic Dart               Conj           ###.         1%          1    None
 Sandblast                Erth           ###...       1%          1    None
 Call Imp                 Summ           ###.....     1%          2    None
 Passwall                 Tmut/Erth      ###.....     1%          2    None
 Searing Ray              Conj           ###...       1%          2    None
 Slow                     Hex            ###.....     1%          2    None
 Sublimation of Blood     Necr           ###.......   1%          2    None
 Throw Frost              Conj/Ice       ###...       1%          2    None
 Dazzling Spray           Conj/Hex       ###...       3%          3    #......
 Stone Arrow              Conj/Erth      ###...       3%          3    #......
 Force Lance              Conj/Tloc      ###.....     11%         4    ###....
 Fulminant Prism          Conj/Hex       ###.......   11%         4    ###....
 Iskenderun's Mystic Bla  Conj           ###.....     11%         4    ###....
 Petrify                  Tmut/Erth      ###.....     11%         4    ###....
 Summon Ice Beast         Ice/Summ       ###.....     11%         4    ###....
 Throw Icicle             Conj/Ice       ###.....     11%         4    ###....
 Borgnjor's Vile Clutch   Necr/Erth      ###.......   30%         5    #####..
 Lee's Rapid Deconstruct  Erth           ###.......   30%         5    #####..


Dungeon Overview and Level Annotations

Branches:
Dungeon (10/15)            Temple (1/1) D:6            Lair (0/6) D:9
    Orc (0/2) D:10

Altars:
Ashenzari
Cheibriados
Dithmenos
Elyvilon
Fedhas
Gozag
Hepliaklqana
Kikubaaqudgha
Makhleb
Nemelex Xobeh
Okawaru
Qazlal
Ru
Sif Muna
Trog
Uskayaw
Vehumet
Wu Jian
Xom
Yredelemnul
Zin
The Shining One
Beogh

Shops:
D:7 *

Annotations:
D:8 2 transporters, Armakuni's ghost, journeyman HuNe; Grum


Innate Abilities, Weirdness & Mutations

Your experience applies equally to all skills.
You have very sharp teeth.
Your uncanny sense of smell can sniff out nearby items.


Message History

The warg bites you!
* * * LOW HITPOINT WARNING * * *
Unknown command.
You hit the warg.
The warg looks slightly unstable.
The warg is heavily wounded.
The meliai zombie hits you but does no damage.
The meliai zombie hits you.
* * * LOW HITPOINT WARNING * * *
The warg closely misses you. You block the warg's attack.
The meliai zombie completely misses you.
The meliai zombie hits you but does no damage.
The warg bites you!
* * * LOW HITPOINT WARNING * * *
You sock the meliai zombie!
The meliai zombie looks slightly unstable.
The meliai zombie is moderately damaged.
The meliai zombie closely misses you. The meliai zombie hits you!
* * * LOW HITPOINT WARNING * * *
The warg bites you.
You die...

#######################
.P.....................
.........P.............
≈≈≈≈≈≈≈≈≈≈≈≈≈≈≈≈≈≈≈≈≈≈≈
≈≈≈≈≈≈≈hh≈≈≈≈≈≈≈≈≈≈≈h≈≈
#####Zh≈≈≈≈≈≈≈≈≈≈≈≈≈≈≈
#. #@h............... #
################## ∆ ∆
∆ ∆


You could see 4 wargs and a meliai zombie.

Vanquished Creatures
  Gastronok (D:8)
  Harold (D:8)
  A two-headed ogre (D:10)
  An orc knight (D:10)
  Pikel (D:6)
  A hippogriff (D:9)
  Sigmund (D:2)
  2 vampires (D:9)
  2 wyverns (D:8)
  14 yaks
  7 wargs (D:10)
  2 porcupines (D:9)
  4 orc warriors
  A black bear (D:9)
  3 sky beasts
  A necrophage (D:7)
  5 ogres
  5 centaurs
  2 crocodiles (D:9)
  A big kobold (D:7)
  4 bullfrogs
  2 scorpions
  5 killer bees (D:8)
  3 howler monkeys
  6 wights
  A vampire bat (D:3)
  A centaur zombie (D:5)
  2 crimson imps
  A gnoll shaman (D:5)
  4 hounds
  2 jellies
  5 orc priests
  3 bullfrog skeletons
  9 orc wizards
  2 iguanas
  Jessica (D:2)
  Terence (D:3)
  Natasha (thrice) (D:3)
  7 worker ants
  A killer bee zombie (D:9)
  A hound skeleton (D:6)
  A howler monkey zombie (D:8)
  A worker ant zombie (D:10)
  Robin (D:2)
  7 gnolls (D:5)
  10 adders
  A shadow imp (D:7)
  2 oozes
  4 adder skeletons
  A worm (D:3)
  3 dart slugs
  3 fire bats (D:3)
  5 leopard geckos
  44 orcs
  2 spectral bats (D:3)
  3 bat skeletons (D:3)
  A bat zombie (D:3)
  9 giant cockroaches
  16 goblins
  7 hobgoblins
  15 jackals
  9 kobolds
  6 quokkas
  3 ball pythons
  18 bats
  A bat simulacrum (D:3)
  8 frilled lizards
  A jackal skeleton (D:7)
  A leopard gecko skeleton (D:4)
  A leopard gecko zombie (D:4)
  2 quokka skeletons
  9 rats
315 creatures vanquished.

Vanquished Creatures (others)
  A hornet (D:9)
  3 yaks (D:9)
  A warg (D:10)
  A slave (D:6)
  A black bear (D:9)
  A sky beast (D:9)
  A bullfrog (D:10)
  Blork the orc (D:6)
  An iguana (D:10)
  An orc (D:9)
  12 fungi (D:9)
  9 plants
  6 spectral weapons
39 creatures vanquished.

Grand Total: 354 creatures vanquished

Notes
Turn   | Place    | Note
-------+----------+-------------------------------------------
     0 | D:1      | Ablot the Gnoll Skald began the quest for the Orb.
     0 | D:1      | Reached XP level 1. HP: 20/20 MP: 6/6
   138 | D:1      | Reached XP level 2. HP: 21/26 MP: 7/7
   149 | D:1      | Learned a level 2 spell: Song of Slaying
   152 | D:1      | Learned a level 2 spell: Shroud of Golubria
   263 | D:1      | Reached XP level 3. HP: 27/31 MP: 9/9
   353 | D:1      | Reached skill level 5 in Spellcasting
   940 | D:2      | Learned a level 3 spell: Regeneration
   944 | D:2      | Learned a level 3 spell: Spectral Weapon
   952 | D:2      | Reached skill level 1 in Invocations
  1081 | D:2      | Reached skill level 1 in Short Blades
  1081 | D:2      | Reached skill level 1 in Long Blades
  1081 | D:2      | Reached skill level 1 in Axes
  1081 | D:2      | Reached skill level 1 in Maces & Flails
  1081 | D:2      | Reached skill level 1 in Staves
  1081 | D:2      | Reached skill level 1 in Slings
  1081 | D:2      | Reached skill level 1 in Bows
  1081 | D:2      | Reached skill level 1 in Crossbows
  1081 | D:2      | Reached skill level 1 in Throwing
  1081 | D:2      | Reached skill level 1 in Stealth
  1081 | D:2      | Reached skill level 1 in Shields
  1081 | D:2      | Reached skill level 1 in Unarmed Combat
  1081 | D:2      | Reached skill level 1 in Evocations
  1081 | D:2      | Reached XP level 4. HP: 38/38 MP: 9/11
  1227 | D:2      | Noticed Sigmund
  1516 | D:2      | Noticed Robin
  1528 | D:2      | Killed Robin
  1528 | D:2      | Reached skill level 1 in Conjurations
  1528 | D:2      | Reached skill level 1 in Hexes
  1528 | D:2      | Reached skill level 1 in Summonings
  1528 | D:2      | Reached skill level 1 in Necromancy
  1528 | D:2      | Reached skill level 1 in Translocations
  1528 | D:2      | Reached skill level 1 in Transmutations
  1528 | D:2      | Reached skill level 1 in Fire Magic
  1528 | D:2      | Reached skill level 1 in Ice Magic
  1528 | D:2      | Reached skill level 1 in Air Magic
  1528 | D:2      | Reached skill level 1 in Earth Magic
  1528 | D:2      | Reached skill level 1 in Poison Magic
  1567 | D:2      | Found a hide-covered altar of Uskayaw.
  1567 | D:2      | Noticed a +0 dagger
  1567 | D:2      | Noticed a +0 dagger
  1572 | D:2      | Noticed Jessica
  1583 | D:2      | Killed Jessica
  1583 | D:2      | Reached XP level 5. HP: 27/43 MP: 5/12
  1847 | D:3      | Found a snail-covered altar of Cheibriados.
  1907 | D:3      | Noticed Natasha
  1922 | D:3      | Killed Natasha
  2058 | D:3      | Noticed Natasha
  2066 | D:3      | Killed Natasha
  2109 | D:3      | Noticed Terence
  2117 | D:3      | Killed Terence
  2117 | D:3      | Reached XP level 6. HP: 39/50 MP: 7/13
  2461 | D:3      | Noticed Natasha
  2476 | D:3      | Killed Natasha
  2481 | D:3      | Reached skill level 5 in Fighting
  2481 | D:3      | Reached skill level 5 in Polearms
  2481 | D:3      | Reached skill level 2 in Crossbows
  2481 | D:3      | Reached skill level 5 in Dodging
  2765 | D:4      | Reached XP level 7. HP: 41/56 MP: 10/15
  3174 | D:4      | Found a deep blue altar of Sif Muna.
  3511 | D:5      | Entered Level 5 of the Dungeon
  3534 | D:5      | Reached XP level 8. HP: 36/63 MP: 10/16
  3727 | D:5      | Reached skill level 3 in Crossbows
  3788 | D:5      | Learned a level 3 spell: Ozocubu's Armour
  4020 | D:5      | Identified Reden's Reference Book on Evil
  4287 | D:6      | Noticed Blork the orc
  4301 | D:6      | You fall into a shaft and drop 1 floor!
  4331 | D:6      | Found a staircase to the Ecumenical Temple.
  4340 | Temple   | Entered the Ecumenical Temple
  4400 | Temple   | Became a worshipper of Warmaster Okawaru
  4517 | D:6      | Found an iron altar of Okawaru.
  4622 | D:6      | Found a stormy altar of Qazlal.
  4753 | D:6      | Noticed Pikel
  4771 | D:6      | Killed Pikel
  4771 | D:6      | Reached * piety under Okawaru
  4771 | D:6      | Reached skill level 4 in Crossbows
  4771 | D:6      | Reached XP level 9. HP: 22/69 MP: 8/18
  4945 | D:6      | Found a basalt altar of Yredelemnul.
  4945 | D:6      | Found a shattered altar of Ashenzari.
  4946 | D:6      | Found a hazy altar of Hepliaklqana.
  4993 | D:6      | Killed Blork the orc
  5279 | D:7      | Found an opulent altar of Gozag.
  5279 | D:7      | Found a glowing silver altar of Zin.
  5368 | D:7      | Reached ** piety under Okawaru
  5380 | D:7      | Reached skill level 5 in Crossbows
  5380 | D:7      | Reached skill level 5 in Armour
  5419 | D:7      | Learned a level 2 spell: Blink
  5423 | D:7      | Learned a level 3 spell: Conjure Flame
  5502 | D:7      | Found Byjusausm's Assorted Antiques.
  5817 | D:7      | Found a shimmering altar of Xom.
  6040 | D:2      | Killed Sigmund
  6157 | D:7      | Bought a pair of blackened gloves for 256 gold pieces
  6162 | D:7      | Identified the +0 pair of gloves of the Boiling Point
                  | {*Slow Int+3 Stlth+} (You bought it in a shop on level 7 of
                  | the Dungeon)
  6301 | D:8      | Reached skill level 5 in Invocations
  6327 | D:8      | Noticed Gastronok
  6343 | D:8      | Killed Gastronok
  6343 | D:8      | Reached *** piety under Okawaru
  6343 | D:8      | Reached **** piety under Okawaru
  6343 | D:8      | Reached skill level 5 in Short Blades
  6343 | D:8      | Reached skill level 5 in Long Blades
  6343 | D:8      | Reached skill level 5 in Axes
  6343 | D:8      | Reached skill level 5 in Maces & Flails
  6343 | D:8      | Reached skill level 5 in Staves
  6343 | D:8      | Reached skill level 5 in Slings
  6343 | D:8      | Reached skill level 5 in Bows
  6343 | D:8      | Reached skill level 6 in Crossbows
  6343 | D:8      | Reached skill level 5 in Throwing
  6343 | D:8      | Reached skill level 5 in Stealth
  6343 | D:8      | Reached skill level 5 in Shields
  6343 | D:8      | Reached skill level 5 in Unarmed Combat
  6343 | D:8      | Reached skill level 5 in Evocations
  6343 | D:8      | Reached XP level 10. HP: 46/79 MP: 13/21
  6358 | D:8      | Noticed Harold
  6378 | D:8      | Killed Harold
  6378 | D:8      | Received a gift from Okawaru
  6378 | D:8      | Reached ***** piety under Okawaru
  6378 | D:8      | Reached skill level 7 in Crossbows
  6654 | D:8      | Learned a level 3 spell: Mephitic Cloud
  6713 | D:8      | Received a gift from Okawaru
  6723 | D:8      | Reached XP level 11. HP: 36/84 MP: 12/22
  6993 | D:8      | Found a transporter.
  6997 | D:8      | Noticed Grum
  6999 | D:8      | Noticed Armakuni's ghost (journeyman HuNe)
  7004 | D:8      | Found a transporter.
  7004 | D:8      | Identified the ring of Trog's Anger {*Tele rF- rC+ Int+3
                  | Dex+8}
  7229 | D:9      | Reached skill level 5 in Conjurations
  7229 | D:9      | Reached skill level 5 in Hexes
  7229 | D:9      | Reached skill level 5 in Summonings
  7229 | D:9      | Reached skill level 5 in Necromancy
  7229 | D:9      | Reached skill level 5 in Translocations
  7229 | D:9      | Reached skill level 5 in Transmutations
  7229 | D:9      | Reached skill level 5 in Fire Magic
  7229 | D:9      | Reached skill level 5 in Ice Magic
  7229 | D:9      | Reached skill level 5 in Air Magic
  7229 | D:9      | Reached skill level 5 in Earth Magic
  7229 | D:9      | Reached skill level 5 in Poison Magic
  7278 | D:9      | Reached skill level 8 in Crossbows
  7354 | D:9      | Found a staircase to the Lair.
  7594 | D:9      | Learned a level 3 spell: Vampiric Draining
  7801 | D:10     | Entered Level 10 of the Dungeon
  7917 | D:10     | Noticed a two-headed ogre
  7928 | D:10     | Killed a two-headed ogre
  7928 | D:10     | Received a gift from Okawaru
  8203 | D:10     | Found a roughly hewn altar of Beogh.
  8203 | D:10     | Found a staircase to the Orcish Mines.
  8203 | D:10     | Noticed an orc knight
  8219 | D:10     | Killed an orc knight
  8223 | D:10     | Received a gift from Okawaru
  8243 | D:10     | Noticed an orc knight
  8562 | D:10     | Reached skill level 9 in Crossbows
  8601 | D:10     | Reached XP level 12. HP: 34/93 MP: 20/24
  8602 | D:10     | HP: 1/93 [warg (13)]
  8635 | D:10     | HP: 1/93 [meliai zombie (7)]
  8635 | D:10     | Slain by a warg

Levels and vault maps discovered:
D:1:      shiori_shiawase, layout_basic, ebering_dispersal_statue_hall
D:2:      layout_loops_cross, dancing_weapons_uskayaw, uniq_jessica,
          uniq_sigmund, uniq_robin
D:3:      layout_basic, kennysheep_slug_shrine, goddamned_bats, uniq_natasha,
          uniq_terence
D:4:      layout_basic, tgw_sif, first_ration
D:5:      layout_rooms, minmay_manual_mandibuliform
D:6:      layout_rooms, gammafunk_temple_overflow_claw,
          minmay_temple_entry_sparse_star, basic_altar,
          nicolae_qazlal_eye_of_the_storm, uniq_blork_the_orc, uniq_pikel
D:7:      minmay_chambers_of_sixes, layout_gridville,
          grunt_temple_overflow_gold_and_silver, overflow_temple_1_default,
          serial_shops, shop
D:8:      layout_rooms, gammafunk_ghost_gnarly_gnolls, uniq_gastronok,
          uniq_harold
D:9:      layout_cave_pools, due_lair_maze_entry_diamond
D:10:     lemuel_castle_with_subvaults [lemuel_castle_interior_carwin_1],
          layout_irregular_city, david_orc_5
Temple:   cyrus_circular_temple

Skill      XL: |  1  2  3  4  5  6  7  8  9 10 11 |
---------------+----------------------------------+-----
Spellcasting   | 5 6 7 8 |  8.5
Invocations    | 1 2 3 4 5 6 7 |  7.4
Short Blades   | 1 2 3 5 6 |  6.7
Long Blades    | 1 2 3 5 6 |  6.7
Axes           | 1 2 3 5 6 |  6.7
Maces & Flails | 1 2 3 5 6 |  6.7
Staves         | 1 2 3 5 6 |  6.7
Slings         | 1 2 3 5 6 |  6.7
Bows           | 1 2 3 5 6 |  6.7
Crossbows      | 1 2 4 6 7 9 |  9.1
Throwing       | 1 2 3 5 6 |  6.7
Stealth        | 1 2 3 5 6 |  6.7
Shields        | 1 2 3 5 6 |  6.7
Unarmed Combat | 1 2 3 5 6 |  6.7
Evocations     | 1 2 3 5 6 |  6.7
Conjurations   | 1 2 3 4 5 |  5.6
Hexes          | 1 2 3 4 5 |  5.6
Summonings     | 1 2 3 4 5 |  5.6
Necromancy     | 1 2 3 4 5 |  5.6
Translocations | 1 2 3 4 5 |  5.6
Transmutations | 1 2 3 4 5 |  5.6
Fire Magic     | 1 2 3 4 5 |  5.6
Ice Magic      | 1 2 3 4 5 |  5.6
Air Magic      | 1 2 3 4 5 |  5.6
Earth Magic    | 1 2 3 4 5 |  5.6
Poison Magic   | 1 2 3 4 5 |  5.6
Armour         | 3 4 5 6 7 |  7.3
Fighting       | 5 6 7 8 |  8.2
Polearms       | 5 6 7 8 |  8.2
Dodging        | 5 6 7 8 |  8.2
Charms         | 6 7 |  7.9

Action                   |  1- 3 |  4- 6 |  7- 9 | 10-12 || total
-------------------------+-------+-------+-------+-------++-------
Melee: Spear             |   130 |   236 |   151 |       ||   517
       Bite              |     6 |    14 |    47 |    37 ||   104
       Punch             |       |     1 |    16 |     1 ||    18
       Trident           |       |       |   226 |   119 ||   345
       Quarterstaff      |       |       |       |   221 ||   221
 Cast: Shroud of Golubri |     2 |     6 |    19 |    18 ||    45
       Song of Slaying   |     2 |     5 |     5 |     6 ||    18
       Spectral Weapon   |       |     9 |    18 |    22 ||    49
       Regeneration      |       |     2 |    11 |    22 ||    35
       Infusion          |       |       |     5 |     1 ||     6
       Conjure Flame     |       |       |     1 |       ||     1
       Ozocubu's Armour  |       |       |       |     7 ||     7
       Mephitic Cloud    |       |       |       |     4 ||     4
       Blink             |       |       |       |     4 ||     4
  Use: Scroll            |       |       |     6 |     4 ||    10
       Potion            |       |       |       |     3 ||     3
 Stab: Sleeping          |     6 |     6 |    12 |     3 ||    27
       Distracted        |       |     1 |     2 |     3 ||     6
       Confused          |       |       |       |     3 ||     3
  Eat: Chunk             |     1 |     6 |    15 |    10 ||    32
Armor: Leather armour    |    24 |    80 |    43 |       ||   147
       Robe              |       |       |    15 |    76 ||    91
Dodge: Dodged            |    65 |   197 |   212 |   272 ||   746
Block: Other             |       |       |    43 |    41 ||    84
       Reflection        |       |       |     3 |       ||     3

Table legend:
 A = Non-vault XP
 B = Vault XP
 C = Vault XP percentage of total XP
 D = Non-vault monster count
 E = Vault monster count
 F = Vault count percentage of total count
                 A         B        C        D         E       F
            +---------+---------+-------+---------+---------+-------
      Total |   10430 |    8348 |  44.5 |     235 |      90 |  27.7
            +---------+---------+-------+---------+---------+-------
        D:1 |      55 |       0 |   0.0 |      29 |       0 |   0.0
        D:2 |      67 |     309 |  82.2 |      34 |      15 |  30.6
        D:3 |     134 |     252 |  65.3 |      18 |      23 |  56.1
        D:4 |     462 |      40 |   8.0 |      24 |       1 |   4.0
        D:5 |     689 |       2 |   0.3 |      27 |       1 |   3.6
        D:6 |     334 |     629 |  65.3 |       7 |       1 |  12.5
        D:7 |     745 |     363 |  32.8 |      14 |       5 |  26.3
        D:8 |    2306 |    3381 |  59.5 |      29 |       2 |   6.5
        D:9 |    2502 |     965 |  27.8 |      34 |       9 |  20.9
       D:10 |    3136 |    2407 |  43.4 |      19 |      33 |  63.5
            +---------+---------+-------+---------+---------+-------
